 Dungeon Crawl Stone Soup version 0.22.1-2-g9c5b331383 (webtiles) character file.

29738 Honti the Arsonist (level 13, -7/65 HPs)
             Began as a Deep Elf Fire Elementalist on Jan 3, 2019.
             Was an Elder of Vehumet.
             Splashed by an oklob plant's acid (15 damage)
             ... on level 5 of the Lair of Beasts on Jan 6, 2019.
             The game lasted 02:42:56 (25011 turns).

Honti the Arsonist (Deep Elf Fire Elementalist)    Turns: 25011, Time: 02:42:57

Health: -7/65      AC:  8    Str:  6    XL:     13   Next: 16%
Magic:  39/39      EV: 14    Int: 28    God:    Vehumet [****..]
Gold:   967        SH:  0    Dex: 15    Spells: 6/34 levels left

rFire    . . .     SeeInvis +   y - +1 broad axe of Discord {freeze, Int+3}
rCold    . . .     Gourm    .   (no shield)
rNeg     . . .     Faith    .   i - +0 swamp dragon scales
rPois    +         Spirit   .   L - +2 helmet
rElec    .         Reflect  .   N - +0 cloak
rCorr    .         Harm     .   F - +0 pair of gloves
MR       +....                  (no boots)
Stlth    +.........             (no amulet)
HPRegen  0.20/turn              k - ring of see invisible
MPRegen  0.26/turn              M - ring of magical power

@: corroded
A: no striking features
a: Renounce Religion


You were on level 5 of the Lair of Beasts.
You worshipped Vehumet.
Vehumet was greatly pleased with you.
You were not hungry.

You visited 2 branches of the dungeon, and saw 17 of its levels.

You collected 1060 gold pieces.
You spent 93 gold pieces at shops.

Inventory:

Hand Weapons
 f - a +1 hunting sling
 y - the +1 broad axe of Discord (weapon) {freeze, Int+3}
   (You found it on level 3 of the Lair of Beasts)

   It has been specially enchanted to freeze those struck by it, causing extra
   injury to most foes and up to half again as much damage against particularly
   susceptible opponents.
   It can also slow down cold-blooded creatures.
   It affects your intelligence (+3).
Missiles
 d - 294 stones (quivered)
Armour
 i - +0 swamp dragon scales (worn)
 n - a +1 buckler
 C - the +3 leather armour of Tiqufa {rElec}
   (You found it on level 4 of the Dungeon)

   It insulates you from electricity.
 F - a +0 pair of gloves (worn)
 L - a +2 helmet (worn)
 N - a +0 cloak (worn)
Magical Staves
 g - an uncursed staff of summoning
 m - an uncursed staff of wizardry
Jewellery
 b - an uncursed ring of positive energy
 k - a ring of see invisible (left hand)
 w - an uncursed ring of resist corrosion
 M - a ring of magical power (right hand)
Wands
 h - a wand of digging (4)
 o - a wand of iceblast (22)
 A - a wand of clouds (4)
 I - a wand of paralysis (7)
 J - a wand of flame (48)
 W - a wand of polymorph (16)
Scrolls
 a - 3 scrolls of magic mapping
 e - 8 scrolls of teleportation
 q - 5 scrolls of enchant armour
 t - 4 scrolls of remove curse
 u - a scroll of brand weapon
 D - 2 scrolls of fear
 G - a scroll of blinking
 H - a scroll of silence {unknown}
 O - a scroll of amnesia
 Q - a scroll of identify
 V - a scroll of immolation {unknown}
 Z - a scroll of enchant weapon
Potions
 j - 4 potions of brilliance
 l - 8 potions of curing
 p - a potion of heal wounds
 r - 4 potions of might
 s - 5 potions of flight
 v - 2 potions of ambrosia
 z - a potion of berserk rage
 B - 2 potions of agility
 E - a potion of mutation
 P - a potion of resistance
 T - a potion of lignification {unknown}
 X - a potion of invisibility {unknown}
Miscellaneous
 x - a crystal ball of energy
 R - a phantom mirror
Comestibles
 c - 23 rations
 K - a chunk of flesh


   Skills:
 - Level 1.5 Fighting
 + Level 10.1 Dodging
 - Level 2.4 Stealth
 + Level 2.5 Shields
 + Level 11.1 Spellcasting
 + Level 12.3 Conjurations
 + Level 12.6 Fire Magic
 - Level 2.8 Air Magic
 + Level 4.5 Earth Magic
 + Level 4.0 Poison Magic
 + Level 8.5 Evocations


You had 6 spell levels left.
You knew the following spells:

 Your Spells              Type           Power        Failure   Level  Hunger
a - Throw Flame           Conj/Fire      ######       1%          2    None
b - Conjure Flame         Conj/Fire      ######..     1%          3    None
c - Sticky Flame          Conj/Fire      ######..     1%          4    None
d - Fireball              Conj/Fire      ######....   1%          5    ###....
e - Mephitic Cloud        Conj/Pois/Air  ######..     1%          3    None
f - Flame Tongue          Conj/Fire      #####        1%          1    None
g - Venom Bolt            Conj/Pois      ######....   4%          5    ###....
h - Lee's Rapid Deconstr  Erth           #####.....   17%         5    ###....

Your spell library contained the following spells:

 Spells                   Type           Power        Failure   Level  Hunger
 Sting                    Conj/Pois      ####         1%          1    None
 Throw Frost              Conj/Ice       ######       1%          2    None
 Inner Flame              Hex/Fire       ######..     1%          3    None
 Throw Icicle             Conj/Ice       ######..     3%          4    None
 Freeze                   Ice            ###.         4%          1    None
 Poisonous Vapours        Pois/Air       ####..       5%          2    None
 Olgreb's Toxic Radiance  Pois           #####...     7%          4    None
 Apportation              Tloc           ###...       14%         1    None
 Beastly Appendage        Tmut           ###...       14%         1    None
 Summon Butterflies       Summ           ###.....     14%         1    None
 Summon Small Mammal      Summ           ###.         14%         1    None
 Spider Form              Tmut/Pois      ####......   19%         3    None
 Call Imp                 Summ           ###.....     22%         2    None
 Sticks to Snakes         Tmut           ###.....     22%         2    None
 Call Canine Familiar     Summ           ###.....     41%         3    None
 Lesser Beckoning         Tloc           ###.......   41%         3    None
 Ozocubu's Armour         Chrm/Ice       ###.....     41%         3    None
 Summon Guardian Golem    Hex/Summ       ###.....     41%         3    None
 Tukima's Dance           Hex            ###.....     41%         3    None
 Summon Lightning Spire   Summ/Air       ###.....     63%         4    None
 Ice Form                 Ice/Tmut       ###.....     82%         4    None
 Summon Ice Beast         Ice/Summ       ###.....     82%         4    None
 Alistair's Intoxication  Tmut/Pois      ####....     87%         5    ###....
 Blade Hands              Tmut           ###.......   99%         5    ###....
 Invisibility             Hex            ###.....     100%        6    #####..


Dungeon Overview and Level Annotations

Branches:
Dungeon (12/15)            Temple (0/1) D:7            Lair (5/6) D:9
  Swamp (0/4) Lair:3       Spider (0/4) Lair:4          Orc (0/2) D:11
  Slime: Lair:5-6

Altars:
Ashenzari
Cheibriados
Dithmenos
Elyvilon
Gozag
Hepliaklqana
Kikubaaqudgha
Vehumet
Wu Jian

Shops:
D:4 (   D:9 !   D:11 (*

Annotations:
D:4 Ijyb
Lair:5 exclusion: oklob plant


Message History

The plant is severely damaged.
You hit the plant but do no damage.
The plant is severely damaged.
You hit the plant but do no damage.
The plant is severely damaged.
You hit the plant. You freeze the plant.
The plant is severely damaged.
You slash the plant! You freeze the plant.
You destroy the plant!
The oklob plant spits acid at you. The splash of acid hits you!
The acid corrodes you!
You are splashed with acid!
The acid burns!
The oklob plant spits acid at you. The splash of acid hits you!
You are splashed with acid!
The acid burns!
* * * LOW HITPOINT WARNING * * *
The oklob plant spits acid at you. The splash of acid hits you!
* * * LOW HITPOINT WARNING * * *
You are splashed with acid!
The acid burns!
You die...

.................................
................P................
................P.........<......
.............. ................
............. ............#.#
............ ..............
...........# #..........#.#
..........##########...).........
........### #.$/@.#...........#.#
.....#### #[$.##.#.............
....## #P.. #####........#.#
...## #### #.#.......... ..##
###.......#.# ..# #.#........ .P#
###.....#.# ..# #P#...... .##
####..#.#


You could see an oklob plant.

Vanquished Creatures
  2 hydras
  2 two-headed ogres
  8 death yaks
  A swamp dragon (Lair:3)
  An orc knight (D:11)
  2 oklob plants (Lair:3)
  An ugly thing (D:11)
  Maurice (D:10)
  9 spiny frogs
  2 komodo dragons
  A queen bee (D:10)
  A polar bear (Lair:4)
  2 trolls
  4 hippogriffs
  A wraith (D:10)
  21 yaks
  A wyvern (Lair:5)
  A basilisk (Lair:3)
  A hungry ghost (D:9)
  2 wargs (D:9)
  A soldier ant (D:11)
  14 water moccasins
  7 porcupines
  3 ice beasts
  9 orc warriors
  3 phantoms
  10 wolves
  6 ogres
  10 crocodiles
  13 centaurs
  3 big kobolds (D:11)
  12 bullfrogs
  A wyvern zombie (D:9)
  17 killer bees
  5 scorpions
  2 electric eels (D:11)
  3 vampire bats (Lair:5)
  8 wights
  A crimson imp (D:10)
  3 bullfrog zombies
  A centaur zombie (D:5)
  A quasit (D:9)
  4 jellies
  11 orc priests
  A centaur skeleton (D:5)
  4 hounds
  12 orc wizards
  6 iguanas
  12 worker ants
  4 hell rats (Lair:3)
  4 gnolls (D:4)
  11 adders
  3 howler monkey skeletons
  2 adder zombies
  2 worms
  4 dart slugs
  5 leopard geckos
  54 orcs
  15 bats
  6 giant cockroaches
  5 goblins
  5 hobgoblins
  7 jackals
  2 quokkas
  A ball python (D:2)
  4 frilled lizards
  A jackal zombie (D:5)
  20 kobolds
  A leopard gecko zombie (D:6)
  2 quokka skeletons
  12 rats
  A fungus (Lair:2)
  2 plants
420 creatures vanquished.

Vanquished Creatures (others)
  A bush (Lair:3)
  A fungus (Lair:2)
  3 plants
5 creatures vanquished.

Grand Total: 425 creatures vanquished

Notes
Turn   | Place    | Note
-------+----------+-------------------------------------------
     0 | D:1      | Honti the Deep Elf Fire Elementalist began the quest for
                  | the Orb.
     0 | D:1      | Reached XP level 1. HP: 10/10 MP: 6/6
   230 | D:1      | Reached XP level 2. HP: 15/15 MP: 4/8
  1073 | D:2      | Reached XP level 3. HP: 19/19 MP: 7/9
  2055 | D:3      | Reached XP level 4. HP: 24/24 MP: 4/11
  2337 | D:3      | Learned a level 1 spell: Flame Tongue
  2341 | D:3      | Learned a level 3 spell: Conjure Flame
  3003 | D:4      | Reached XP level 5. HP: 28/28 MP: 5/13
  3119 | D:4      | Noticed an ogre
  3128 | D:4      | Killed an ogre
  3128 | D:4      | Reached skill level 5 in Fire Magic
  3211 | D:4      | Reached XP level 6. HP: 26/32 MP: 9/14
  3272 | D:4      | Found an opulent altar of Gozag.
  3640 | D:4      | Reached skill level 5 in Spellcasting
  3682 | D:4      | Noticed Ijyb
  4255 | D:4      | Learned a level 4 spell: Sticky Flame
  4319 | D:4      | Found a white marble altar of Elyvilon.
  4378 | D:4      | Reached skill level 5 in Conjurations
  4575 | D:4      | Reached XP level 7. HP: 36/36 MP: 14/16
  4710 | D:4      | Found a shadowy altar of Dithmenos.
  4785 | D:4      | Got a faintly glowing chain mail
  5020 | D:4      | Reached skill level 1 in Fighting
  5125 | D:4      | Got a smoking leather armour
  5137 | D:4      | Identified the +3 leather armour of Tiqufa {rElec} (You
                  | found it on level 4 of the Dungeon)
  5148 | D:4      | Identified the +6 chain mail of the Inquisitive Dances {rF+
                  | rC+ MR- Int+8} (You found it on level 4 of the Dungeon)
  5224 | D:4      | Found Benwioth's Antique Weapon Shoppe.
  5264 | D:5      | Entered Level 5 of the Dungeon
  5877 | D:5      | Found an ornate altar of the Wu Jian Council.
  5877 | D:5      | Found a shattered altar of Ashenzari.
  5982 | D:5      | Found an ancient bone altar of Kikubaaqudgha.
  6051 | D:4      | Reached skill level 1 in Evocations
  6440 | D:5      | Reached XP level 8. HP: 43/43 MP: 10/18
  6617 | D:6      | Learned a level 5 spell: Fireball
  7573 | D:6      | You fall through a shaft for 3 floors!
  7852 | D:9      | Found Oxeqor's Distillery.
  7857 | D:9      | Bought a potion of curing for 51 gold pieces
  8056 | D:9      | Noticed a troll
  8090 | D:9      | Killed a troll
  8522 | D:9      | Found a radiant altar of Vehumet.
  8548 | D:9      | Reached XP level 9. HP: 30/47 MP: 3/21
  8659 | D:9      | Became a worshipper of Vehumet
  9227 | D:7      | Reached skill level 5 in Dodging
  9585 | D:7      | Found a staircase to the Ecumenical Temple.
 11214 | D:9      | Reached * piety under Vehumet
 11214 | D:9      | Offered knowledge of Freeze by Vehumet.
 11672 | D:9      | Found a staircase to the Lair.
 12112 | D:9      | Noticed a two-headed ogre
 12138 | D:9      | Killed a two-headed ogre
 12138 | D:9      | Reached XP level 10. HP: 31/52 MP: 3/24
 12341 | D:10     | Entered Level 10 of the Dungeon
 12491 | D:11     | Noticed a white ugly thing
 12691 | D:10     | Learned a level 2 spell: Throw Flame
 12968 | D:10     | Reached skill level 5 in Evocations
 13183 | D:10     | Reached skill level 10 in Fire Magic
 13191 | D:10     | Offered knowledge of Shock by Vehumet.
 13366 | D:10     | Reached ** piety under Vehumet
 13498 | D:10     | Noticed a two-headed ogre
 13597 | D:10     | Noticed Maurice
 13631 | D:10     | Killed Maurice
 13632 | D:10     | Killed a two-headed ogre
 13632 | D:10     | Reached skill level 10 in Conjurations
 13926 | D:10     | Found a snail-covered altar of Cheibriados.
 14701 | D:11     | Reached XP level 11. HP: 56/56 MP: 13/26
 14853 | D:11     | Offered knowledge of Mephitic Cloud by Vehumet.
 15016 | D:11     | Learned a level 3 spell: Mephitic Cloud
 15042 | D:11     | Found Josol's Antique Weapon Shoppe.
 15073 | D:11     | Killed a white ugly thing
 15073 | D:11     | Reached *** piety under Vehumet
 15206 | D:11     | Found Sagh's General Store.
 15224 | D:11     | Bought a scroll of teleportation for 42 gold pieces
 15411 | D:11     | Reached skill level 1 in Air Magic
 16084 | D:11     | Offered knowledge of Ignite Poison by Vehumet.
 16449 | D:11     | Found a staircase to the Orcish Mines.
 17162 | D:12     | Noticed an orc knight
 17299 | D:11     | Killed an orc knight
 17299 | D:11     | Reached **** piety under Vehumet
 17424 | D:11     | Learned a level 1 spell: Flame Tongue
 17461 | Lair:1   | Entered Level 1 of the Lair of Beasts
 18090 | Lair:1   | Learned a level 5 spell: Venom Bolt
 18472 | Lair:2   | Reached skill level 1 in Poison Magic
 18983 | Lair:2   | Offered knowledge of Lee's Rapid Deconstruction by Vehumet.
 18990 | Lair:2   | Learned a level 5 spell: Lee's Rapid Deconstruction
 19055 | Lair:2   | Reached XP level 12. HP: 61/61 MP: 22/27
 19519 | Lair:2   | Noticed an eight-headed hydra
 19944 | Lair:2   | Killed an eight-headed hydra
 19944 | Lair:2   | Reached skill level 1 in Earth Magic
 20468 | Lair:3   | Reached skill level 10 in Spellcasting
 20946 | Lair:3   | Found a staircase to the Swamp.
 21554 | Lair:3   | Got a scorched broad axe
 21555 | Lair:3   | Identified the +1 broad axe of Discord {freeze, Int+3} (You
                  | found it on level 3 of the Lair of Beasts)
 21596 | Lair:3   | Noticed a death yak
 21596 | Lair:3   | Noticed a death yak
 21598 | Lair:3   | Noticed a death yak
 21598 | Lair:3   | Noticed a death yak
 21629 | Lair:3   | Killed a death yak
 21732 | Lair:3   | Noticed a death yak
 21732 | Lair:3   | Noticed a death yak
 21755 | Lair:3   | Noticed a death yak
 21756 | Lair:3   | Killed a death yak
 21764 | Lair:3   | Killed a death yak
 21806 | Lair:3   | Noticed a death yak
 21819 | Lair:3   | Killed a death yak
 21819 | Lair:3   | Reached skill level 1 in Shields
 21874 | Lair:3   | Killed a death yak
 22040 | Lair:2   | Killed a death yak
 22043 | Lair:2   | Killed a death yak
 22365 | Lair:3   | Killed a death yak
 23045 | Lair:4   | Found a hole to the Spider Nest.
 23435 | Lair:4   | Reached XP level 13. HP: 26/65 MP: 29/29
 23845 | Lair:4   | Found a hazy altar of Hepliaklqana.
 24261 | Lair:5   | Reached skill level 10 in Dodging
 25011 | Lair:5   | Splashed by an oklob plant's acid

Skill      XL: |  1  2  3  4  5  6  7  8  9 10 11 12 13 |
---------------+----------------------------------------+-----
Conjurations   | 2 3 4 5 6 7 9 10 11 12 | 12.3
Fire Magic     | 4 5 6 8 9 10 11 12 | 12.6
Spellcasting   | 4 5 6 8 9 10 11 | 11.1
Fighting       | 1 |  1.5
Dodging        | 3 4 6 7 8 9 10 | 10.1
Evocations     | 1 3 4 5 7 8 |  8.5
Air Magic      | 2 |  2.8
Poison Magic   | 1 3 4 |  4.0
Earth Magic    | 4 |  4.5
Shields        | 2 |  2.5
Stealth        | |  2.4

Action                   |  1- 3 |  4- 6 |  7- 9 | 10-12 | 13-15 || total
-------------------------+-------+-------+-------+-------+-------++-------
Melee: Staff             |       |       |     9 |    81 |       ||    90
       Broad axe         |       |       |       |     4 |    14 ||    18
 Fire: Hunting sling     |    46 |    34 |       |       |       ||    80
Throw: Stone             |       |       |       |     1 |       ||     1
 Cast: Flame Tongue      |    60 |    80 |   233 |   121 |    21 ||   515
       Conjure Flame     |       |    11 |    16 |    21 |       ||    48
       Sticky Flame      |       |     2 |    16 |    60 |     3 ||    81
       Fireball          |       |       |    31 |   117 |    22 ||   170
       Throw Flame       |       |       |       |   143 |       ||   143
       Mephitic Cloud    |       |       |       |    16 |       ||    16
       Venom Bolt        |       |       |       |    15 |       ||    15
Evoke: Wand              |       |       |     3 |    16 |     2 ||    21
  Use: Scroll            |       |     7 |    16 |    14 |     1 ||    38
       Potion            |       |       |     5 |     4 |       ||     9
 Stab: Confused          |       |       |       |     1 |       ||     1
  Eat: Chunk             |     3 |     3 |    13 |    19 |     4 ||    42
       Ration            |       |     2 |     5 |    11 |     1 ||    19
Armor: Robe              |     6 |       |       |       |       ||     6
       Leather armour    |       |       |    21 |    90 |       ||   111
       Swamp dragon scal |       |       |       |    26 |     1 ||    27
Dodge: Dodged            |    21 |    13 |    61 |   226 |     4 ||   325
